Map: Cyber Forest LE

Players

Neeblet (Neeb) - Winner!

  • Race: Protoss Protoss
  • League: Grandmaster
  • Spawn Location: 5:00

PtitDrogo

  • Race: Protoss Protoss
  • League: Master
  • Spawn Location: 11:00

Event: 2019 Assembly Summer

VOD

Have the link to the VOD?

Description

Time

  • Played on: Aug. 2, 2019, 12:26 p.m.
  • Length: 9:14

All games in this series

Show
View Real Time Build Order
Export as new Build Order

Neeblet Protoss - Winner!

Build Orders: Oracle Opening, Zealot Archon 

Get SALT Encoding   

  12  0:00  Probe  
  13  0:12  Probe  
  14  0:17  Pylon  
  14  0:24  Probe  
  15  0:32  Probe  
  15  0:37  Gateway  
  15  0:40  Probe  
  16  0:45  Assimilator  
  17  0:51  Probe  
  17  0:54  Assimilator  
  18  0:59  Probe  
  19  1:07  Gateway, Probe  
  19  1:17  Probe  
  20  1:25  Cybernetics Core  
  21  1:29  Probe  
  22  1:35  Pylon  
  22  1:41  Probe  
  23  1:53  Probe  
  24  2:01  Warp Gate, Stalker  
  24  2:02  Sentry  
  28  2:13  Probe, Pylon  
  29  2:34  Stargate  
  29  2:43  Nexus  
  29  2:50  Stalker  
  31  2:55  Stalker  
  31  2:56  Shield Battery  
  33  3:07  Oracle  
  33  3:11  Probe  
  37  3:27  Shield Battery  
  35  3:34  Shield Battery  
  35  3:35  Probe  
  36  3:47  Probe  
  36  3:51  Adept  
  38  3:56  Probe  
  38  3:59  Adept, Probe  
  42  4:06  Oracle  
  42  4:08  Probe  
  46  4:11  Probe  
  46  4:20  Probe, Pylon  
  46  4:22  Stalker  
  49  4:26  Probe  
  49  4:32  Probe  
  49  4:38  Probe  
  48  4:40  Probe  
  48  4:42  Stalker  
  51  4:47  Phoenix  
  51  4:48  Probe  
  51  4:50  Probe  
  55  4:56  Stalker  
  55  4:58  Probe  
  57  5:02  Probe  
  57  5:06  Pylon  
  59  5:09  Assimilator  
  59  5:10  Probe  
  59  5:12  Assimilator  
  60  5:14  Probe  
  60  5:21  Stalker  
  62  5:23  Probe  
  62  5:26  Probe  
  62  5:35  Probe  
  63  5:40  Probe  
  64  5:43  Forge  
  64  5:47  Probe, Twilight Council  
  62  5:52  Probe  
  63  5:58  Gateway  
  63  6:01  Gateway  
  63  6:14  Protoss Ground Weapons Level 1, Robotics Facility  
  63  6:15  Pylon, Charge  
  63  6:25  Templar Archives  
  63  6:27  Probe  
  64  6:35  Gateway  
  64  6:36  Gateway  
  64  6:40  Gateway  
  64  6:41  Gateway  
  64  6:53  Warp Prism  
  64  6:54  Nexus  
  64  6:59  Pylon  
  66  7:10  High Templar x2  
  66  7:13  Zealot x2  
  66  7:14  Archon  
  74  7:22  Pylon  
  74  7:33  Zealot  
  74  7:34  Zealot x3  
  74  7:35  Zealot  
  84  7:48  High Templar  
  84  7:49  High Templar  
  88  7:53  Archon  
  88  7:54  High Templar x2, Zealot  
  88  7:57  Pylon x2  
  88  7:58  Archon  
  72  8:20  Zealot x4  
  80  8:32  High Templar x2, Zealot x2  
  88  8:37  Archon  
  88  8:39  Zealot x3  
  94  8:41  Zealot  
  94  8:42  Probe x3  
  99  8:53  Zealot  
  99  8:54  Zealot x4, Probe  
  110  8:59  Zealot  
  78  9:11  Zealot x2  
Show
View Real Time Build Order
Export as new Build Order

PtitDrogo Protoss 

Build Orders: Oracle Opening, Phoenix Opening, Zealot Archon 

Get SALT Encoding   

  12  0:00  Probe  
  13  0:15  Probe  
  13  0:17  Pylon  
  14  0:27  Probe  
  15  0:35  Gateway, Probe  
  16  0:43  Probe  
  16  0:48  Assimilator  
  17  0:53  Probe  
  17  0:56  Assimilator  
  18  1:01  Probe  
  18  1:08  Gateway  
  18  1:09  Probe  
  20  1:20  Probe  
  20  1:24  Cybernetics Core  
  21  1:32  Probe  
  22  1:35  Pylon  
  22  1:44  Probe  
  23  1:52  Warp Gate  
  23  1:56  Probe  
  24  2:02  Stalker x2  
  27  2:14  Pylon  
  27  2:32  Adept x2  
  31  2:37  Stargate  
  31  3:08  Probe  
  31  3:11  Oracle  
  32  3:13  Nexus  
  34  3:34  Probe  
  32  3:43  Shield Battery  
  32  3:46  Probe  
  33  3:50  Phoenix  
  31  3:57  Stalker x2  
  31  3:58  Probe  
  36  4:04  Pylon  
  36  4:10  Probe  
  36  4:16  Oracle  
  40  4:25  Probe  
  40  4:28  Probe  
  40  4:31  Adept  
  44  4:37  Probe  
  45  4:40  Probe  
  44  4:47  Robotics Facility  
  44  4:49  Probe  
  45  4:57  Probe  
  45  4:59  Probe  
  46  5:02  Sentry  
  46  5:03  Stalker  
  51  5:07  Probe  
  51  5:09  Probe  
  51  5:12  Forge  
  53  5:16  Probe  
  54  5:21  Probe  
  54  5:28  Probe  
  54  5:33  Probe  
  52  5:38  Assimilator  
  52  5:40  Probe, Assimilator, Stalker  
  55  5:44  Protoss Ground Weapons Level 1, Stalker  
  55  5:45  Probe  
  56  5:52  Probe  
  57  5:58  Probe  
  57  6:03  Twilight Council  
  57  6:04  Pylon  
  58  6:07  Probe  
  58  6:10  Probe  
  60  6:14  Gateway  
  60  6:18  Gateway  
  60  6:26  Warp Prism  
  60  6:27  Charge  
  60  6:28  Gateway  
  62  6:40  Templar Archives  
  62  6:42  Gateway  
  62  6:45  Gateway  
  62  6:51  Gateway  
  62  6:56  Pylon  
  62  7:01  Phoenix  
  62  7:04  Pylon  
  62  7:10  Nexus  
  62  7:13  Pylon  
  62  7:22  Pylon  
  62  7:33  High Templar  
  62  7:34  High Templar x3, Zealot  
  72  7:38  Archon x2  
  72  7:46  Zealot x3  
  78  7:58  Zealot  
  80  8:06  Zealot x3  
  80  8:07  Zealot x4  
  80  8:08  Probe  
  72  8:21  Zealot  
  66  8:27  High Templar x2  
  66  8:28  Zealot x3  
  66  8:29  High Templar  
  66  8:30  High Templar  
  66  8:32  Archon  
  80  8:35  Archon  
  76  8:43  Zealot  
  76  8:47  Zealot  
  80  8:49  Zealot x2  
  80  8:55  Probe x2  
  86  8:56  Zealot  
  86  9:00  Zealot x2  
  73  9:05  Zealot x3  
Tags
 
Add a new tag
Caveats
  • Supply blocks, unpowered buildings, or Contaminate may cause inaccurate times.
  • Supply counts are checked every 10 seconds.